Map: 카탈리스트 - 래더

Players

liquidthermy (uThermal)

  • Race: Protoss Protoss
  • League: Grandmaster
  • Spawn Location: 5:00

FanTaSy - Winner!

  • Race: Terran Terran
  • League: Diamond
  • Spawn Location: 11:00

Event: HomeStory Cup XVII

VOD

Have the link to the VOD?

Description

Time

  • Played on: June 29, 2018, 2:30 p.m.
  • Length: 10:16

All games in this series

Show
View Real Time Build Order
Export as new Build Order

liquidthermy Protoss 

Build Orders: Blink Stalkers 

Get SALT Encoding   

  12  0:01  Probe  
  13  0:13  Probe  
  14  0:17  Pylon  
  14  0:23  Probe  
  15  0:32  Probe  
  15  0:37  Gateway  
  15  0:40  Probe  
  16  0:46  Assimilator  
  17  0:51  Probe  
  18  1:00  Probe  
  19  1:08  Probe  
  20  1:23  Probe  
  21  1:29  Zealot, Cybernetics Core  
  21  1:32  Pylon  
  23  1:50  Nexus  
  23  1:55  Stalker  
  23  2:00  Probe  
  24  2:05  Warp Gate  
  26  2:13  Assimilator  
  25  2:29  Stalker  
  26  2:32  Probe  
  27  2:44  Probe  
  28  2:50  Twilight Council  
  28  2:54  Shield Battery  
  28  2:56  Probe  
  29  2:58  Blink  
  29  2:59  Stalker  
  29  3:05  Probe  
  32  3:08  Probe  
  33  3:17  Probe  
  34  3:20  Probe  
  35  3:29  Probe  
  35  3:32  Probe  
  37  3:34  Stalker  
  39  3:41  Probe  
  39  3:44  Probe  
  39  3:48  Pylon  
  41  3:52  Gateway  
  41  3:54  Probe  
  42  3:56  Probe  
  43  4:08  Gateway  
  41  4:11  Probe  
  41  4:15  Shield Battery  
  42  4:20  Probe  
  43  4:25  Probe  
  43  4:28  Stalker  
  46  4:31  Assimilator  
  46  4:32  Probe  
  47  4:40  Probe  
  48  4:47  Stalker  
  48  4:50  Probe  
  51  4:57  Probe  
  51  4:58  Pylon  
  52  5:01  Nexus  
  52  5:02  Pylon  
  52  5:03  Probe  
  53  5:16  Stalker  
  53  5:18  Stalker x2  
  53  5:20  Probe x2  
  59  5:27  Forge  
  61  5:28  Probe, Forge  
  61  5:29  Probe  
  63  5:37  Probe  
  63  5:40  Pylon  
  64  5:43  Stalker  
  64  5:44  Probe  
  64  5:45  Protoss Ground Armor Level 1, Stalker  
  64  5:46  Charge  
  69  5:53  Probe  
  69  5:55  Protoss Ground Weapons Level 1  
  68  5:58  Probe  
  67  6:05  Probe  
  68  6:12  Zealot x3  
  68  6:14  Probe  
  75  6:20  Gateway  
  75  6:23  Gateway  
  75  6:28  Gateway  
  75  6:32  Gateway  
  75  6:40  Templar Archives  
  75  6:43  Probe x2  
  75  6:44  Probe  
  78  6:55  Probe, Zealot x3  
  78  6:57  Probe  
  78  6:58  Probe, Pylon x2  
  87  7:03  Pylon  
  87  7:10  Pylon  
  81  7:15  Shield Battery  
  81  7:20  Zealot x4  
  81  7:21  Protoss Ground Weapons Level 2  
  89  7:30  High Templar x2  
  89  7:31  Protoss Ground Armor Level 2, Cybernetics Core  
  93  7:41  Zealot x5  
  99  8:03  High Templar x3, Zealot  
  99  8:04  Zealot x3  
  109  8:07  Archon  
  109  8:08  Nexus, Archon  
  109  8:09  Probe x2  
  103  8:16  Probe, Pylon  
  104  8:27  Zealot  
  104  8:28  Zealot x3  
  110  8:35  Stalker x3  
  96  8:52  Zealot x2  
  96  8:53  Zealot x2  
  85  9:04  Probe x2  
  80  9:10  Probe  
  80  9:12  Zealot x2  
  80  9:13  Zealot x4  
  80  9:16  Probe x2  
  93  9:22  Probe  
  94  9:30  Gateway  
  94  9:31  Gateway  
  94  9:36  Stalker x5  
  94  9:37  Stalker  
  92  9:56  Pylon  
  92  9:57  Pylon  
  84  10:03  Zealot  
  86  10:09  Zealot x3  
Show
View Real Time Build Order
Export as new Build Order

FanTaSy Terran - Winner!

Build Orders: Cyclone Opening, MMM Bio 

Get SALT Encoding   

  12  0:00  SCV  
  13  0:13  SCV  
  14  0:18  Supply Depot  
  14  0:25  SCV  
  15  0:41  SCV, Barracks  
  16  0:46  Refinery  
  16  0:54  SCV  
  17  0:57  Refinery  
  17  1:06  SCV  
  18  1:18  SCV  
  19  1:28  Reaper  
  19  1:30  Orbital Command  
  20  1:35  Supply Depot  
  20  1:47  Factory  
  20  1:55  SCV  
  20  2:00  Reaper  
  22  2:07  SCV  
  23  2:19  SCV  
  24  2:32  Cyclone, SCV  
  24  2:33  Barracks Tech Lab  
  28  2:37  Supply Depot  
  28  2:45  SCV  
  29  2:57  Command Center, SCV  
  30  3:09  SCV  
  30  3:10  Factory Reactor  
  31  3:17  Supply Depot  
  31  3:22  SCV  
  32  3:35  SCV  
  32  3:37  Command Center  
  33  3:47  Cyclone, SCV  
  37  3:50  Cyclone  
  40  3:59  SCV  
  41  4:09  Orbital Command  
  41  4:11  SCV  
  42  4:20  Barracks Tech Lab  
  42  4:24  SCV  
  49  4:28  Barracks  
  43  4:33  Barracks  
  43  4:38  Marine, Factory Tech Lab  
  43  4:39  SCV  
  43  4:40  Bunker, SCV  
  46  4:47  Engineering Bay  
  46  4:52  SCV x2  
  48  4:55  Orbital Command  
  48  4:56  Marine  
  48  5:04  Stimpack, SCV x2  
  48  5:05  Factory Reactor  
  50  5:16  Marine x2, Marauder  
  50  5:17  SCV x2  
  55  5:23  Starport, Terran Infantry Weapons Level 1  
  55  5:26  Refinery, SCV  
  55  5:27  Refinery  
  56  5:29  SCV x2  
  56  5:31  Combat Shields  
  58  5:35  Marine x2  
  58  5:36  Marauder  
  58  5:37  Marauder  
  58  5:41  SCV  
  58  5:42  SCV  
  66  5:50  Factory Reactor, Barracks  
  66  5:51  Barracks  
  66  5:55  Orbital Command  
  63  5:58  Marine x2, Marauder  
  63  5:59  Marauder, SCV x2  
  69  6:10  Supply Depot  
  69  6:11  Supply Depot  
  69  6:16  Marine x2  
  69  6:17  Medivac x2  
  75  6:19  SCV x2  
  77  6:32  Marauder x2, SCV x3  
  84  6:33  Marine x2  
  84  6:34  Widow Mine  
  88  6:41  Widow Mine  
  90  6:47  Medivac  
  90  6:49  Medivac  
  90  6:52  Barracks Tech Lab  
  90  6:53  Barracks Reactor  
  90  6:54  Marauder  
  93  7:02  Supply Depot x2  
  93  7:04  Concussive Shells  
  93  7:10  Supply Depot  
  93  7:17  Terran Infantry Armor Level 1  
  93  7:23  Marine  
  93  7:24  Medivac x2, Marauder x3, Marine, SCV x3  
  108  7:31  Marine x2  
  108  7:32  Widow Mine x2  
  114  7:40  Supply Depot  
  114  7:41  Supply Depot, Marine  
  114  7:42  Marine  
  116  7:46  SCV  
  116  7:48  Supply Depot  
  116  7:51  Ghost Academy  
  117  8:02  Marauder x3, SCV x2  
  117  8:03  Marine x4  
  117  8:04  SCV  
  129  8:12  Widow Mine, Medivac x2  
  137  8:13  Widow Mine  
  137  8:14  SCV x2  
  137  8:15  Refinery x2  
  137  8:17  Supply Depot  
  137  8:18  Supply Depot x2  
  139  8:21  Marine  
  139  8:26  Marine  
  141  8:38  Widow Mine x2, Marauder x2  
  141  8:39  Marine x3  
  141  8:40  Marauder  
  151  8:42  Medivac x2  
  151  8:53  Marine  
  151  8:55  SCV x3  
  155  8:57  Marine x3  
  155  8:59  Ghost  
  155  9:00  Ghost, Marauder  
  155  9:02  Barracks x2  
  156  9:03  Barracks  
  144  9:11  SCV x3  
  144  9:18  Widow Mine x2  
  144  9:20  Ghost  
  144  9:21  Medivac  
  144  9:23  Medivac  
  154  9:29  Armory, Ghost  
  156  9:31  Engineering Bay  
  156  9:32  Marine x3  
  159  9:40  Marine  
  159  9:43  Widow Mine  
  159  9:44  Widow Mine  
  153  9:57  Barracks Reactor, Barracks Tech Lab, Marine x4  
Tags
 
Add a new tag
Caveats
  • Supply blocks, unpowered buildings, or Contaminate may cause inaccurate times.
  • Supply counts are checked every 10 seconds.